MLB
CHICAGO WHITE SOX @ MINNESOTA TWINS
08/19/2019
 
TOP OF THE 1ST
Chicago White Sox batting - Pitching for Minnesota Twins : RHP Jameson Taillon
Pitching: RHP Jameson Taillon
Batting: RHB Drew Jackson 0-0: Ball
1-0: Called Strike
1-1: Bunt for hit to 25 - play at first, batter OUT! 5-3
Batting: LHB Michael Brantley 0-0: Called Strike
0-1: Fly out, F8 (Line Drive, 8LM, EV 105.0 MPH)
Batting: RHB Justin Turner 0-0: Foul Ball, location: 2F
0-1: Ball
1-1: Ball
2-1: Ground out 6-3 (Groundball, 6, EV 91.3 MPH)
Top of the 1st over - 0 runs, 0 hits, 0 errors, 0 left on base; Chicago 0 - Minnesota 0
BOTTOM OF THE 1ST
Minnesota Twins batting - Pitching for Chicago White Sox : RHP Nathan Eovaldi
Pitching: RHP Nathan Eovaldi
Batting: LHB Nolan Fontana 0-0: Called Strike
0-1: Foul Ball, location: 2F
0-2: Ball
1-2: Reached on error, E5 (Groundball, 56, EV 88.1 MPH)
Batting: LHB Jay Bruce 0-0: Sac Bunt to 15S - play at second, runner OUT! 1-6
Batting: LHB Freddie Freeman 0-0: Called Strike
0-1: Swinging Strike
0-2: Ball
1-2: Strikes out swinging
Batting: RHB Carlos Correa 0-0: Ball
1-0: Called Strike
1-1: Ground out 1-3 (Groundball, P, EV 76.3 MPH)
Bottom of the 1st over - 0 runs, 0 hits, 1 error, 1 left on base; Chicago 0 - Minnesota 0
TOP OF THE 2ND
Chicago White Sox batting - Pitching for Minnesota Twins : RHP Jameson Taillon
Batting: LHB Brandon Belt 0-0: Ball
1-0: Ball
2-0: Swinging Strike
2-1: Foul Ball, location: 2F
2-2: Foul Ball, location: 2F
2-2: Ball
3-2: Fly out, F9 (Flyball, 89D, EV 96.9 MPH)
Batting: LHB Andrew Toles 0-0: SINGLE (Groundball, 3D, EV 95.6 MPH)
Batting: RHB Jose Trevino 0-0: Called Strike
0-1: Ball
1-1: Ball
2-1: Foul Ball, location: 2F
2-2: Ball
3-2: Strikes out swinging
Andrew Toles steals 2nd base
Batter strikes out.
Batting: LHB Marco Hernandez 0-0: Foul Ball, location: 2F
0-1: Ball
1-1: Foul Ball, location: 2F
1-2: Ball
2-2: Strikes out looking
Top of the 2nd over - 0 runs, 1 hit, 0 errors, 1 left on base; Chicago 0 - Minnesota 0
BOTTOM OF THE 2ND
Minnesota Twins batting - Pitching for Chicago White Sox : RHP Nathan Eovaldi
Batting: RHB Avisail Garcia 0-0: Ball
1-0: Called Strike
1-1: Ball
2-1: Foul Ball, location: 2F
2-2: Ball
3-2: Reached on error, E5 (Groundball, 56S, EV 65.6 MPH)
Batting: RHB Adam Jones 0-0: Ball
1-0: Foul Ball, location: 2F
1-1: Foul Ball, location: 2F
1-2: Ball
2-2: Foul Ball, location: 2F
2-2: Strikes out swinging
Batting: RHB Whit Merrifield 0-0: Called Strike
0-1: Called Strike
0-2: Ball
1-2: Foul Ball, location: 2F
1-2: Foul Ball, location: 2F
1-2: Foul Ball, location: 2F
1-2: Fielders Choice at 2nd, 6-4 (Groundball, 56, EV 100.0 MPH)
Batting: RHB Chris Iannetta 0-0: Ball
1-0: Fly out, F8 (Flyball, 8RD, EV 95.0 MPH)
Bottom of the 2nd over - 0 runs, 0 hits, 1 error, 1 left on base; Chicago 0 - Minnesota 0
TOP OF THE 3RD
Chicago White Sox batting - Pitching for Minnesota Twins : RHP Jameson Taillon
Batting: LHB Zack Granite 0-0: Ground out 4-3 (Groundball, 4, EV 78.1 MPH)
Batting: RHB Alex Murphy 0-0: Called Strike
0-1: SINGLE (Line Drive, 8RS, EV 94.4 MPH)
Batting: RHB Drew Jackson 0-0: Called Strike
0-1: Ball
1-1: Ball
2-1: Swinging Strike
2-2: Strikes out looking
Batting: LHB Michael Brantley 0-0: Ball
1-0: Called Strike
1-1: Ball
2-1: DOUBLE (Flyball, 8RXD, EV 106.3 MPH)
Alex Murphy to third
Batting: RHB Justin Turner 0-0: Ball
1-0: Swinging Strike
1-1: Swinging Strike
1-2: Foul Ball, location: 2F
1-2: Strikes out looking
Top of the 3rd over - 0 runs, 2 hits, 0 errors, 2 left on base; Chicago 0 - Minnesota 0
BOTTOM OF THE 3RD
Minnesota Twins batting - Pitching for Chicago White Sox : RHP Nathan Eovaldi
Batting: RHB Miguel Rojas 0-0: Called Strike
0-1: Swinging Strike
0-2: Ball
1-2: Foul Ball, location: 2F
1-2: Foul Ball, location: 2F
1-2: Strikes out looking
Batting: LHB Nolan Fontana 0-0: Ball
1-0: Foul Ball, location: 2F
1-1: Ground out 4-3 (Groundball, 4M, EV 85.0 MPH)
Batting: LHB Jay Bruce 0-0: Ball
1-0: Fly out, F7 (Flyball, 78XD, EV 91.9 MPH)
Bottom of the 3rd over - 0 runs, 0 hits, 0 errors, 0 left on base; Chicago 0 - Minnesota 0
TOP OF THE 4TH
Chicago White Sox batting - Pitching for Minnesota Twins : RHP Jameson Taillon
Batting: LHB Brandon Belt 0-0: Ball
1-0: Called Strike
1-1: Swinging Strike
1-2: Ball
2-2: Foul Ball, location: 2F
2-2: Ball
3-2: Foul Ball, location: 2F
3-2: Ground out U3 (Groundball, 3, EV 101.9 MPH)
Batting: LHB Andrew Toles 0-0: SINGLE (Groundball, 56, EV 85.0 MPH) (infield hit)
Batting: RHB Jose Trevino 0-0: Ball
1-0: Fly out, F9 (Flyball, 9, EV 85.0 MPH)
Batting: LHB Marco Hernandez 0-0: Called Strike
0-1: Foul Ball, location: 2F
0-2: Ball
1-2: Foul Ball, location: 2F
1-2: Ground out 4-3 (Groundball, 34, EV 92.5 MPH)
Top of the 4th over - 0 runs, 1 hit, 0 errors, 1 left on base; Chicago 0 - Minnesota 0
BOTTOM OF THE 4TH
Minnesota Twins batting - Pitching for Chicago White Sox : RHP Nathan Eovaldi
Batting: LHB Freddie Freeman 0-0: Called Strike
0-1: Foul Ball, location: 2F
0-2: Ball
1-2: Ball
2-2: Foul Ball, location: 2F
2-2: Foul Ball, location: 2F
2-2: Foul Ball, location: 2F
2-2: SINGLE (Groundball, 34D, EV 102.5 MPH)
Batting: RHB Carlos Correa 0-0: Ball
1-0: Swinging Strike
1-1: Fly out, F8 (Flyball, 8LS, EV 88.1 MPH)
Batting: RHB Avisail Garcia 0-0: Swinging Strike
0-1: Called Strike
0-2: DOUBLE (Flyball, 8RXD, EV 107.5 MPH)
Freddie Freeman to third
Batting: RHB Adam Jones 0-0: Ball
1-0: Called Strike
1-1: Called Strike
1-2: Fly out, F9 (Flyball, 9, EV 91.9 MPH)
Runner from 3rd tags up, SCORES, throw by RF
Avisail Garcia to third
Batting: RHB Whit Merrifield 0-0: Called Strike
0-1: Ball
1-1: Ball
2-1: Ground out 4-3 (Groundball, 4M, EV 106.3 MPH)
Bottom of the 4th over - 1 run, 2 hits, 0 errors, 1 left on base; Chicago 0 - Minnesota 1
TOP OF THE 5TH
Chicago White Sox batting - Pitching for Minnesota Twins : RHP Jameson Taillon
Batting: LHB Zack Granite 0-0: Called Strike
0-1: TRIPLE (Line Drive, 9LD, EV 108.8 MPH)
Pinch Runner at 3rd Corey Seager:
Batting: RHB Alex Murphy 0-0: Ball
1-0: Swinging Strike
1-1: Foul Ball, location: 2F
1-2: Strikes out swinging
Batting: RHB Drew Jackson 0-0: Called Strike
0-1: Ball
1-1: Foul Ball, location: 2F
1-2: Strikes out swinging
Batting: LHB Michael Brantley 0-0: Ball
1-0: Fly out, F8 (Flyball, 8LS, EV 85.0 MPH)
Top of the 5th over - 0 runs, 1 hit, 0 errors, 1 left on base; Chicago 0 - Minnesota 1
BOTTOM OF THE 5TH
Minnesota Twins batting - Pitching for Chicago White Sox : RHP Nathan Eovaldi
Now at SS: Corey Seager
Batting: RHB Chris Iannetta 0-0: Foul Ball, location: 2F
0-1: Swinging Strike
0-2: Ball
1-2: Ground out 5-3 (Groundball, 56, EV 108.8 MPH)
Batting: RHB Miguel Rojas 0-0: Ball
1-0: Foul Ball, location: 2F
1-1: Ball
2-1: Ground out 6-3 (Groundball, 6, EV 83.1 MPH)
Batting: LHB Nolan Fontana 0-0: Foul Ball, location: 2F
0-1: Foul Ball, location: 2F
0-2: Ball
1-2: Ball
2-2: Ground out 4-3 (Groundball, 34, EV 82.5 MPH)
Bottom of the 5th over - 0 runs, 0 hits, 0 errors, 0 left on base; Chicago 0 - Minnesota 1
TOP OF THE 6TH
Chicago White Sox batting - Pitching for Minnesota Twins : RHP Jameson Taillon
Batting: RHB Justin Turner 0-0: Ground out 5-3 (Groundball, 56, EV 89.4 MPH)
Batting: LHB Brandon Belt 0-0: Ball
1-0: Foul Ball, location: 2F
1-1: Fly out, F6 (Line Drive, 6, EV 63.8 MPH)
Batting: LHB Andrew Toles 0-0: Called Strike
0-1: Ball
1-1: Ball
2-1: Fly out, F1 (Line Drive, P, EV 76.9 MPH)
Top of the 6th over - 0 runs, 0 hits, 0 errors, 0 left on base; Chicago 0 - Minnesota 1
BOTTOM OF THE 6TH
Minnesota Twins batting - Pitching for Chicago White Sox : RHP Nathan Eovaldi
Batting: LHB Jay Bruce 0-0: Fly out, F8 (Flyball, 8RD, EV 101.9 MPH)
Batting: LHB Freddie Freeman 0-0: TRIPLE (Flyball, 89XD, EV 88.8 MPH)
Batting: RHB Carlos Correa 0-0: Called Strike
0-1: Fly out, F9 (Flyball, 9LMF, EV 101.3 MPH)
Runner from 3rd tags up, SCORES, no throw by RF
Batting: RHB Avisail Garcia 0-0: Called Strike
0-1: Ground out 6-3 (Groundball, 56D, EV 86.9 MPH)
Bottom of the 6th over - 1 run, 1 hit, 0 errors, 0 left on base; Chicago 0 - Minnesota 2
TOP OF THE 7TH
Chicago White Sox batting - Pitching for Minnesota Twins : RHP Jameson Taillon
Batting: RHB Jose Trevino 0-0: Called Strike
0-1: SOLO HOME RUN (Flyball, 89XD, EV 93.1 MPH), Distance : 398 ft
Batting: LHB Marco Hernandez 0-0: Ground out 6-3 (Groundball, 4M, EV 91.3 MPH)
Batting: LHB Corey Seager 0-0: Ball
1-0: Ball
2-0: Ball
3-0: Called Strike
3-1: Base on Balls
Batting: RHB Alex Murphy 0-0: Foul Ball, location: 2F
0-1: Swinging Strike
0-2: Ball
1-2: Foul Ball, location: 2F
1-2: Strikes out swinging
Batting: RHB Drew Jackson 0-0: Swinging Strike
0-1: Ball
1-1: Ball
2-1: Foul Ball, location: 2F
2-2: Strikes out swinging
Top of the 7th over - 1 run, 1 hit, 0 errors, 1 left on base; Chicago 1 - Minnesota 2
BOTTOM OF THE 7TH
Minnesota Twins batting - Pitching for Chicago White Sox : RHP Nathan Eovaldi
Pitching: LHP Blake Weiman
Batting: RHB Adam Jones 0-0: Foul Ball, location: 2F
0-1: Ball
1-1: Ball
2-1: Fly out, F4 (Popup, 13, EV 86.9 MPH)
Batting: RHB Whit Merrifield 0-0: Ground out 4-3 (Groundball, 4, EV 107.5 MPH)
Batting: RHB Chris Iannetta 0-0: Foul Ball, location: 2F
0-1: Ball
1-1: Foul Ball, location: 2F
1-2: Ball
2-2: Ball
3-2: DOUBLE (Line Drive, 7LS, EV 106.3 MPH)
Batting: RHB Miguel Rojas 0-0: Ball
Wild Pitch!
Chris Iannetta to third
1-0: Foul Ball, location: 2F
1-1: Ground out 6-3 (Groundball, 6, EV 75.6 MPH)
Bottom of the 7th over - 0 runs, 1 hit, 0 errors, 1 left on base; Chicago 1 - Minnesota 2
TOP OF THE 8TH
Chicago White Sox batting - Pitching for Minnesota Twins : RHP Jameson Taillon
Pitching: LHP Colin Poche
Batting: LHB Michael Brantley 0-0: Called Strike
0-1: Foul Ball, location: 2F
0-2: Strikes out swinging
Batting: RHB Justin Turner 0-0: Ball
1-0: Ball
2-0: Foul Ball, location: 2F
2-1: Ball
3-1: Foul Ball, location: 2F
3-2: Foul Ball, location: 2F
3-2: Foul Ball, location: 2F
3-2: Foul Ball, location: 2F
3-2: Foul Ball, location: 2F
3-2: Base on Balls
Pitching: RHP Trey Wingenter
Batting: LHB Brandon Belt 0-0: Swinging Strike
0-1: Foul Ball, location: 2F
0-2: Ball
1-2: Ball
2-2: Strikes out swinging
Batting: LHB Andrew Toles 0-0: Ball
1-0: Ground out 1-3 (Groundball, P, EV 85.6 MPH)
Top of the 8th over - 0 runs, 0 hits, 0 errors, 1 left on base; Chicago 1 - Minnesota 2
BOTTOM OF THE 8TH
Minnesota Twins batting - Pitching for Chicago White Sox : LHP Blake Weiman
Batting: LHB Nolan Fontana 0-0: Ball
1-0: Ball
2-0: Foul Ball, location: 2F
2-1: Ball
3-1: Called Strike
3-2: Base on Balls
Batting: LHB Jay Bruce 0-0: Swinging Strike
0-1: Ball
1-1: Foul Ball, location: 2F
1-2: Ball
2-2: Foul Ball, location: 2F
2-2: Strikes out swinging
Batting: LHB Freddie Freeman 0-0: Ball
1-0: Ball
2-0: Called Strike
2-1: Foul Ball, location: 2F
2-2: Strikes out swinging
Batting: RHB Carlos Correa 0-0: Called Strike
0-1: Ball
1-1: Foul Ball, location: 2F
1-2: SINGLE (Groundball, 34D, EV 96.3 MPH)
Nolan Fontana to second
Pitching: RHP Trevor Gott
Batting: RHB Avisail Garcia 0-0: Swinging Strike
0-1: Foul Ball, location: 2F
0-2: Strikes out looking
Bottom of the 8th over - 0 runs, 1 hit, 0 errors, 2 left on base; Chicago 1 - Minnesota 2
TOP OF THE 9TH
Chicago White Sox batting - Pitching for Minnesota Twins : RHP Trey Wingenter
Pitching: RHP Tommy Kahnle
Batting: RHB Jose Trevino 0-0: Ball
1-0: Called Strike
1-1: Ball
2-1: Called Strike
2-2: Foul Ball, location: 2F
2-2: Fly out, F8 (Flyball, 8LXD, EV 100.0 MPH)
Batting: LHB Marco Hernandez 0-0: Swinging Strike
0-1: Ball
1-1: Foul Ball, location: 2F
1-2: Strikes out looking
Batting: LHB Corey Seager 0-0: Ball
1-0: Ball
2-0: Foul Ball, location: 2F
2-1: Ball
3-1: Swinging Strike
3-2: Base on Balls
Batting: RHB Alex Murphy 0-0: Called Strike
0-1: Called Strike
0-2: Strikes out swinging
Top of the 9th over - 0 runs, 0 hits, 0 errors, 1 left on base; Chicago 1 - Minnesota 2
Saturday, November 23rd, 2019 - OOTP Baseball 20.8 Build 73